 Dungeon Crawl Stone Soup version 0.23.2-1-ga50397a (webtiles) character file.

Game seed: 18266049075921254109

417 Folque the Ogre Mage (level 6, -2/51 HPs)
             Began as an Ogre Wizard on May 29, 2019.
             Was an Initiate of Sif Muna.
             Slain by a slave (5 damage)
             ... led by Pikel
             ... on level 4 of the Dungeon.
             The game lasted 00:17:36 (5057 turns).

Folque the Ogre Mage (Ogre Wizard)                  Turns: 5057, Time: 00:17:37

Health: -2/51      AC:  6    Str: 17      XL:     6   Next: 93%
Magic:  3/15       EV:  9    Int: 23      God:    Sif Muna [......]
Gold:   213        SH:  0    Dex:  5 (7)  Spells: 6/17 levels left

rFire    + . .     SeeInvis .   y - +0 giant club
rCold    + . .     Gourm    .   (shield currently unavailable)
rNeg     . . .     Faith    .   a - +0 robe
rPois    +         Spirit   .   v - +2 hat
rElec    +         Reflect  .   n - +0 cloak
rCorr    +         Harm     .   (gloves unavailable)
MR       .....                  (boots unavailable)
Stlth    +.........             (no amulet)
HPRegen  0.17/turn              (no ring)
MPRegen  0.14/turn              (no ring)

@: mighty, resistant, very slightly contaminated, hasted, very quick
A: large, unfitting armour, clever 1, frail 1, screaming 1, tough skin 1
a: Renounce Religion


You were on level 4 of the Dungeon.
You worshipped Sif Muna.
Sif Muna was noncommittal.
You were not hungry.

You visited 2 branches of the dungeon, and saw 6 of its levels.

You collected 213 gold pieces.

Inventory:

Hand Weapons
 f - a +1 dagger of venom
 h - a +0 spear
 l - a +0 long sword
 t - a +0 blowgun
 y - a +0 giant club (weapon)
Missiles
 u - 40 poisoned needles
Armour
 a - a +0 robe (worn)
 b - a +0 hat
 i - a +0 shield
 n - a +0 cloak (worn)
 v - a +2 hat (worn)
Wands
 p - a wand of iceblast (7)
Scrolls
 c - a scroll of magic mapping {unknown}
 j - 2 scrolls of teleportation {unknown}
 k - 5 scrolls of identify
 m - 3 scrolls of fear {unknown}
 w - a scroll of remove curse {unknown}
 x - a scroll of random uselessness {unknown}
Potions
 g - a potion of mutation
 s - a potion of flight {unknown}
 z - a potion of cancellation {unknown}
Comestibles
 d - 8 rations


   Skills:
 - Level 2.0 Fighting
 - Level 3.0 Throwing
 - Level 1.8 Dodging
 - Level 1.4 Stealth
 - Level 0.5 Unarmed Combat
 + Level 6.1 Spellcasting
 + Level 2.9 Conjurations
 * Level 1.1 Summonings
 + Level 1.0 Translocations


You had 6 spell levels left.
You knew the following spells:

 Your Spells              Type           Power        Failure   Level  Hunger
a - Magic Dart            Conj           ###.         2%          1    None
b - Call Imp              Summ           ##......     8%          2    None
c - Blink                 Tloc           N/A          9%          2    None
d - Conjure Flame         Conj/Fire      ##......     14%         3    #......
e - Mephitic Cloud        Conj/Pois/Air  ##......     17%         3    #......

Your spell library contained the following spells:

 Spells                   Type           Power        Failure   Level  Hunger
 Slow                     Hex            #.......     13%         2    None


Dungeon Overview and Level Annotations

Branches:
Dungeon (5/15)             Temple (1/1) D:4

Altars:
Cheibriados
Dithmenos
Fedhas
Gozag
Hepliaklqana
Kikubaaqudgha
Makhleb
Qazlal
Ru
Sif Muna
Trog
Vehumet
Wu Jian
Xom
Yredelemnul
Zin
The Shining One

Shops:
D:4 %

Annotations:
D:5 Menkaure, Pikel


Innate Abilities, Weirdness & Mutations

You are too large for most types of armour.
You have tough skin. (AC +1)
Your mind is acute. (Int +2)
You are frail. (-10% HP)
You occasionally shout uncontrollably at your foes.


Message History

* * * LOW HITPOINT WARNING * * *
The slave hits you!
* * * LOW HITPOINT WARNING * * *
Evoke which item? (* to show all) (? for menu, Esc to quit)
Aiming: Iceblast
Press: ? - help, Shift-Dir - straight line The mass of ice explodes!
The iceblast engulfs the slave!
The slave is moderately wounded.
The slave barely misses you.
It was a potion of mutation.
You feel extremely strange.
You feel frail.
You feel the urge to shout.
You feel clever. The slave closely misses you.
It was a potion of haste.
You feel yourself speed up. The slave barely misses you.
It was a potion of resistance.
You feel protected.
It was a potion of might.
You feel very mighty all of a sudden. The slave hits you.
You die...

#.# ### #.⌠.# #.#
#.###...####
#.#####..........#
#........⌠..>..⌠.#
#######..........#
########.###...####
.........# #.⌠.#
.######### #...####
.# #####@.# .# #p.#
.# #..# ## #..#
###..#
##############....#
...............>..#
########....##<####
##.#.##.#


You could see a slave.

Vanquished Creatures
  An ogre (D:5)
  A centaur (D:5)
  A quasit (D:5)
  A bullfrog skeleton (D:4)
  A centaur skeleton (D:4)
  An adder (D:3)
  3 shadow imps (D:5)
  A worm (D:2)
  3 dart slugs
  7 leopard geckos
  4 orcs (D:3)
  6 bats
  4 giant cockroaches
  6 goblins
  9 hobgoblins
  2 jackals
  2 quokkas (D:4)
  8 frilled lizards
  6 kobolds
  A quokka zombie (D:5)
  7 rats
75 creatures vanquished.

Vanquished Creatures (collateral kills)
  A slave (D:5)
  A jelly (D:5)
  A gnoll (D:1)
  2 adders
  A bat (D:2)
  A goblin (D:1)
  A hobgoblin (D:1)
  2 jackals
  A kobold (D:2)
  A frilled lizard (D:2)
  A rat (D:3)
13 creatures vanquished.

Grand Total: 88 creatures vanquished

Notes
Turn   | Place    | Note
-------+----------+-------------------------------------------
     0 | D:1      | Folque the Ogre Wizard began the quest for the Orb.
     0 | D:1      | Reached XP level 1. HP: 16/16 MP: 5/5
   253 | D:1      | Reached XP level 2. HP: 12/24 MP: 4/6
   255 | D:1      | Reached skill level 4 in Spellcasting
   263 | D:1      | Learned a level 2 spell: Call Imp
   266 | D:1      | Learned a level 2 spell: Blink
   312 | D:1      | Reached skill level 1 in Conjurations
   631 | D:1      | Reached skill level 1 in Fighting
   631 | D:1      | Reached XP level 3. HP: 10/33 MP: 5/8
   636 | D:1      | Learned a level 3 spell: Conjure Flame
  1330 | D:2      | Found a blossoming altar of Fedhas.
  1448 | D:2      | Found a snail-covered altar of Cheibriados.
  1598 | D:2      | Learned a level 3 spell: Mephitic Cloud
  1706 | D:2      | Reached XP level 4. HP: 41/41 MP: 10/10
  2029 | D:2      | Found an opulent altar of Gozag.
  2082 | D:2      | Found a shimmering altar of Xom.
  2602 | D:3      | Found a faded altar of an unknown god.
  3056 | D:3      | Reached skill level 5 in Spellcasting
  3265 | D:4      | Reached skill level 1 in Throwing
  3265 | D:4      | Reached XP level 5. HP: 39/49 MP: 9/12
  3384 | D:4      | Found a deep blue altar of Sif Muna.
  3390 | D:4      | Became a worshipper of Sif Muna the Loreminder
  3444 | D:4      | Found a staircase to the Ecumenical Temple.
  3454 | Temple   | Entered the Ecumenical Temple
  3720 | D:4      | Noticed a fire elemental
  3721 | D:4      | Found a stormy altar of Qazlal.
  3738 | D:4      | Noticed a water elemental
  3887 | D:4      | Found Quheaff's Food Shop.
  3977 | D:4      | Noticed an air elemental
  4056 | D:5      | Entered Level 5 of the Dungeon
  4101 | D:5      | Noticed a centaur
  4101 | D:5      | Noticed an ogre
  4104 | D:5      | Noticed Menkaure
  4384 | D:5      | Noticed an ogre
  4398 | D:5      | Killed an ogre
  4398 | D:5      | Reached XP level 6. HP: 33/57 MP: 4/14
  4561 | D:5      | Reached skill level 6 in Spellcasting
  4652 | D:5      | Reached skill level 1 in Summonings
  4652 | D:5      | Reached skill level 1 in Translocations
  4711 | D:5      | Noticed a slave
  4711 | D:5      | Noticed a slave
  4712 | D:5      | Noticed a slave
  4713 | D:5      | Noticed Pikel
  4716 | D:5      | Noticed a slave
  5020 | D:5      | Killed a slave
  5052 | D:4      | HP: 2/57 [slave[Pikel] (8)]
  5054 | D:4      | Gained mutation: You are frail. (-10% HP) [potion of
                  | mutation]
  5054 | D:4      | Gained mutation: You occasionally shout uncontrollably at
                  | your foes. [potion of mutation]
  5054 | D:4      | Gained mutation: Your mind is acute. (Int +2) [potion of
                  | mutation]
  5057 | D:4      | Slain by a slave

Skill      XL: |  1  2  3  4  5  6 |
---------------+-------------------+-----
Spellcasting   | 4 5 6 |  6.1
Conjurations   | 1 2 |  2.9
Fighting       | 1 2 |  2.0
Throwing       | 1 2 3 |  3.0
Summonings     | 1 |  1.1
Translocations | 1 |  1.0
Dodging        | |  1.8
Stealth        | |  1.4
Unarmed Combat | |  0.5

Action                   |  1- 3 |  4- 6 || total
-------------------------+-------+-------++-------
Melee: Unarmed           |    58 |       ||    58
       Spear             |    74 |       ||    74
       Long sword        |    29 |   129 ||   158
       Giant club        |       |    26 ||    26
 Cast: Magic Dart        |    16 |    43 ||    59
       Call Imp          |     5 |    15 ||    20
       Mephitic Cloud    |       |     4 ||     4
       Conjure Flame     |       |     2 ||     2
Evoke: Wand              |       |     1 ||     1
  Use: Scroll            |     1 |     1 ||     2
       Potion            |       |     6 ||     6
 Stab: Sleeping          |     4 |     4 ||     8
  Eat: Chunk             |     3 |     8 ||    11
       Ration            |       |     1 ||     1
Armor: Robe              |    68 |   101 ||   169
Dodge: Dodged            |    94 |   160 ||   254
       Rpst.: Long sword |     8 |    50 ||    58
